 Dungeon Crawl Stone Soup version 0.19.5 (webtiles) character file.

872 JeffiDaFish the Shield-Bearer (level 8, -3/48 HPs)
             Began as a Gargoyle Fighter on Mar 30, 2017.
             Slain by a troll (6 damage)
             ... on level 5 of the Dungeon.
             The game lasted 00:08:34 (3333 turns).

JeffiDaFish the Shield-Bearer (Gargoyle Fighter)    Turns: 3333, Time: 00:08:35

Health: -3/48      AC: 20    Str: 21    XL:     8   Next: 4%
Magic:  8/8        EV:  3    Int:  8    God:
Gold:   161        SH: 16    Dex: 11    Spells: 0 memorised, 7 levels left

rFire  . . .     SeeInvis .     p - +0 morningstar
rCold  . . .     Gourm    +     e - +0 plate armour
rNeg   + . .     Faith    .     n - +0 large shield
rPois  ∞         Spirit   .     (no helmet)
rElec  +         Reflect  .     i - +0 cloak
rCorr  .         Harm     .     h - +0 pair of gloves
MR     .....                    a - +0 pair of boots
Stlth  ..........               j - amulet of the gourmand
                                (no ring)
                                (no ring)

@: no status effects
A: negative energy resistance 1, electricity resistance, unbreathing,
petrification resistance, rot immunity, AC +5
a: no special abilities


You were on level 5 of the Dungeon.
You were very full.

You visited 1 branch of the dungeon, and saw 5 of its levels.

You collected 300 gold pieces.
You spent 139 gold pieces at shops.

Inventory:

Hand Weapons
 p - a +0 morningstar (weapon)
Armour
 a - a +0 pair of boots (worn)
 e - a +0 plate armour (worn)
 h - a +0 pair of gloves (worn)
 i - a +0 cloak (worn)
 n - a +0 large shield (worn)
Jewellery
 j - an amulet of the gourmand (around neck)
Scrolls
 b - a scroll of teleportation
 g - 2 scrolls of magic mapping
 k - 4 scrolls of identify
 l - a scroll of blinking
 m - 3 scrolls of remove curse
Potions
 d - 2 potions of might
 o - a potion of cancellation
Comestibles
 c - 7 chunks of flesh
 f - 2 bread rations


   Skills:
 + Level 4.2 Fighting
 + Level 5.4 Maces & Flails
 + Level 4.6 Armour
 + Level 1.0 Dodging
 + Level 0.2 Stealth
 + Level 7.1 Shields


You had 7 spell levels left.
You didn't know any spells.

Dungeon Overview and Level Annotations

Branches:
Dungeon (5/15)
 Temple: D:4-7

Altars:
Dithmenos
Makhleb
Nemelex Xobeh
Ru
Uskayaw

Shops:
D:5 *

Annotations:
D:5 Edmund


Innate Abilities, Weirdness & Mutations

You are resistant to torment.
Your stone body is resilient. (AC +5)
You are immune to poison.
You resist negative energy. (rN+)
You are resistant to electric shocks. (rElec)
You can survive without breathing.
You are immune to petrification.
You are immune to rotting.


Message History

The troll claws you but does no damage. You block the troll's attack.
You hit Edmund but do no damage.
Edmund is heavily wounded.
You block Edmund's attack. The troll bites you but does no damage.
The troll claws you but does no damage. x2
You barely miss Edmund.
Edmund is heavily wounded.
You block the troll's attack. The troll claws you.
You block the troll's attack. You block Edmund's attack.
The troll bites you but does no damage. The troll barely misses you.
The troll claws you.
You hit Edmund.
Edmund is heavily wounded.
Edmund hits you but does no damage. You block the troll's attack.
The troll claws you!
* * * LOW HITPOINT WARNING * * *
The troll claws you.
* * * LOW HITPOINT WARNING * * *
You block the troll's attack. x2; The troll claws you.
You die...

....<#.....# .....#.#+###
##...#.# ######### .....#.#
#........ .....#.# #.........
..<..#.# #.......... .......#
#######..........# #..#####
#.....'....>.....# #.######
######@#####..........# #......#
.......T@...#..........# .....#.#
#######.#...#..........#
#.##.#.#### #.#...#...........
#.##.#....# #.#...##..........
#)##......# #.#...##..........
..##......# #.#...##..........
..........######+#..###.........#
..........#.....................#


You could see Edmund and a troll.

Vanquished Creatures
  The ghost of JeffiDaFish the Shield-Bearer, an amateur GrFi of Okawaru (D:5)
  Sigmund (D:2)
  A phantom (D:4)
  A scorpion (D:4)
  A crimson imp (D:5)
  Crazy Yiuf (D:2)
  Jessica (D:2)
  An iguana (D:5)
  2 orc wizards
  2 worker ants (D:4)
  A hound skeleton (D:4)
  8 adders
  A howler monkey skeleton (D:4)
  2 shadow imps (D:5)
  An ooze (D:2)
  A worm (D:3)
  A dart slug (D:2)
  4 leopard geckos
  9 orcs
  4 giant cockroaches
  6 goblins
  8 hobgoblins
  5 jackals
  A quokka (D:4)
  2 ball pythons
  6 bats
  8 frilled lizards
  A jackal skeleton (D:5)
  6 kobolds
  A leopard gecko skeleton (D:4)
  A leopard gecko zombie (D:5)
  9 rats
98 creatures vanquished.

Notes
Turn   | Place    | Note
-------+----------+-------------------------------------------
     0 | D:1      | JeffiDaFish the Gargoyle Fighter began the quest for the Orb.
     0 | D:1      | Reached XP level 1. HP: 14/14 MP: 1/1
   170 | D:1      | Reached XP level 2. HP: 19/19 MP: 2/2
   674 | D:2      | Noticed Sigmund
   683 | D:2      | Killed Sigmund
   683 | D:2      | Reached skill level 4 in Shields
   683 | D:2      | Reached XP level 3. HP: 23/24 MP: 3/3
   683 | D:2      | Reached XP level 4. HP: 28/29 MP: 4/4
   683 | D:2      | Reached XP level 5. HP: 32/33 MP: 5/5
   722 | D:2      | Noticed Jessica
   726 | D:2      | Killed Jessica
   726 | D:2      | Reached skill level 5 in Shields
   883 | D:2      | Found a runed door.
   887 | D:2      | Noticed Crazy Yiuf
   894 | D:2      | Killed Crazy Yiuf
   894 | D:2      | Reached XP level 6. HP: 38/38 MP: 6/6
   967 | D:2      | Found a sparkling altar of Nemelex Xobeh.
  1059 | D:2      | Found a burning altar of Makhleb.
  1173 | D:2      | Found a shadowy altar of Dithmenos.
  1605 | D:3      | Found a faded altar of an unknown god.
  2290 | D:4      | Noticed a phantom
  2396 | D:4      | Killed a phantom
  2396 | D:4      | Reached skill level 6 in Shields
  2396 | D:4      | Reached XP level 7. HP: 20/42 MP: 7/7
  2976 | D:4      | Found a faded altar of an unknown god.
  2976 | D:4      | Found a sacrificial altar of Ru.
  2981 | D:4      | Found a faded altar of an unknown god.
  2983 | D:4      | Found a hide-covered altar of Uskayaw.
  2992 | D:4      | Found a faded altar of an unknown god.
  3043 | D:4      | You fall through a shaft!
  3043 | D:5      | Entered Level 5 of the Dungeon
  3049 | D:5      | Noticed JeffiDaFish's ghost (amateur GrFi)
  3085 | D:5      | Killed JeffiDaFish's ghost
  3085 | D:5      | Reached skill level 5 in Maces & Flails
  3085 | D:5      | Reached skill level 1 in Dodging
  3095 | D:5      | Reached skill level 7 in Shields
  3135 | D:5      | Reached XP level 8. HP: 31/48 MP: 8/8
  3155 | D:5      | Found Plog's Assorted Antiques.
  3210 | D:5      | Bought a pair of boots for 139 gold pieces
  3318 | D:5      | Noticed Edmund
  3318 | D:5      | Noticed a troll
  3333 | D:5      | Slain by a troll

Skill      XL: |  1  2  3  4  5  6  7 |
---------------+----------------------+-----
Maces & Flails | 3 4 5 |  5.4
Shields        | 4 5 6 7 |  7.1
Armour         | 4 |  4.6
Fighting       | 4 |  4.2
Dodging        | 1 |  1.0
Stealth        | |  0.2

Action                   |  1- 3 |  4- 6 |  7- 9 || total
-------------------------+-------+-------+-------++-------
Melee: Flail             |    95 |   319 |   150 ||   564
       Morningstar       |       |       |    38 ||    38
  Use: Scroll            |     5 |     3 |     1 ||     9
       Potion            |     3 |     3 |     2 ||     8
  Eat: Chunk             |       |    21 |     4 ||    25
Armor: Scale mail        |    13 |       |       ||    13
       Plate armour      |    66 |   290 |   122 ||   478
Dodge: Dodged            |    15 |    47 |    12 ||    74
Block: Shield            |    70 |   103 |       ||   173
       Large shield      |       |   156 |   184 ||   340
